 Dungeon Crawl Stone Soup version 0.21.1-1-g345015fe64 (webtiles) character file.

23708 NullDivider the Covert (level 12, -1/67 HPs)
             Began as a Spriggan Artificer on May 12, 2018.
             Was an Initiate of Gozag.
             Shot with a bolt by a yaktaur (23 damage)
             ... on level 13 of the Dungeon.
             The game lasted 02:07:16 (26370 turns).

NullDivider the Covert (Spriggan Artificer)        Turns: 26370, Time: 02:07:16

Health: -1/67      AC:  5    Str:  8    XL:     12   Next: 74%
Magic:  22/22      EV: 30    Int: 11    God:    Gozag
Gold:   2665       SH:  0    Dex: 21    Spells: 16/24 levels left

rFire    . . .     SeeInvis +   U - +3 rapier "Gaqud" {flame, rC+ Int-2 SInv}
rCold    + . .     Gourm    .   (shield restricted)
rNeg     . . .     Faith    .   S - +2 robe {MR+}
rPois    .         Spirit   .   (helmet restricted)
rElec    .         Reflect  .   R - +0 cloak
rCorr    .         Harm     .   (gloves unavailable)
MR       ++++.                  (boots unavailable)
Stlth    ++++++....             O - amulet of magic regeneration
HPRegen  0.21/turn              p - ring of protection from magic
MPRegen  0.43/turn              I - ring of wizardry

@: drained, very quick
A: very small, unfitting armour, see invisible, herbivore, speed 3, slow
metabolism 2
a: Potion Petition, Call Merchant, Bribe Branch, Renounce Religion


You were on level 13 of the Dungeon.
You worshipped Gozag.
Gozag was most pleased with you.
You were not hungry.

You visited 2 branches of the dungeon, and saw 14 of its levels.

You collected 3200 gold pieces.
You spent 422 gold pieces at shops.
You paid 113 gold pieces to Gozag.

Inventory:

Hand Weapons
 m - a +2 dagger of protection
 s - a +0 dagger of venom
 H - a +0 shortbow of flaming
 P - a +1 dagger of electrocution
 Q - a +1 short sword of freezing
 U - the +3 rapier "Gaqud" (weapon) {flame, rC+ Int-2 SInv}
   (You bought it in a shop on level 10 of the Dungeon)

   It has been specially enchanted to burn those struck by it, causing extra
   injury to most foes and up to half again as much damage against particularly
   susceptible opponents.
   It affects your intelligence (-2).
   It protects you from cold.
   It lets you see invisible.
Missiles
 h - 302 arrows
Armour
 w - a +0 robe of fire resistance
 R - a +0 cloak (worn)
 S - a +2 robe of magic resistance (worn)
Jewellery
 p - a ring of protection from magic (left hand)
 y - an uncursed ring of flight
 D - an uncursed ring of fire
 I - a ring of wizardry (right hand)
 O - an amulet of magic regeneration (around neck)
 T - a +2 ring of dexterity
 V - an uncursed amulet of the gourmand {unknown}
 W - a +3 ring of dexterity
Wands
 c - a wand of random effects (2)
 d - a wand of enslavement (3)
 n - a wand of scattershot (6)
 G - a wand of iceblast (6)
 K - a wand of polymorph (4)
 L - a wand of flame (21)
 N - a wand of paralysis (8)
Scrolls
 a - 4 scrolls of magic mapping
 b - 2 scrolls of fog {unknown}
 e - 3 scrolls of silence
 g - 6 scrolls of remove curse
 j - a scroll of vulnerability {unknown}
 l - 8 scrolls of teleportation
 t - a scroll of blinking {unknown}
 u - 5 scrolls of enchant armour
 v - a scroll of fear {unknown}
 B - 6 scrolls of enchant weapon {unknown}
 C - 4 scrolls of amnesia
Potions
 i - 3 potions of brilliance {unknown}
 k - 4 potions of flight
 o - 2 potions of mutation {unknown}
 q - 2 potions of cancellation {unknown}
 r - 5 potions of curing
 x - 4 potions of heal wounds
 z - 4 potions of agility {unknown}
 A - a potion of invisibility
 E - a potion of ambrosia {unknown}
 F - 3 potions of magic {unknown}
 M - a potion of haste {unknown}
Miscellaneous
 J - a box of beasts
Comestibles
 f - 9 rations


   Skills:
 * Level 10.0(9.9) Fighting
 + Level 9.8(9.7) Short Blades
 + Level 4.1(4.0) Bows
 + Level 12.1(11.9) Dodging
 + Level 12.6(12.5) Stealth
 + Level 6.5(6.4) Spellcasting
 + Level 6.5(6.3) Hexes
 - Level 9.1(8.9) Evocations


You had 16 spell levels left.
You knew the following spells:

 Your Spells              Type           Power        Failure   Level  Hunger
a - Confuse               Hex            ###.....     1%          3    ###....
b - Ensorcelled Hibernat  Hex/Ice        ##....       3%          2    ##.....
c - Tukima's Dance        Hex            ###.....     1%          3    ###....


Dungeon Overview and Level Annotations

Branches:
Dungeon (13/15)            Temple (1/1) D:6            Lair (0/6) D:10
    Orc (0/2) D:9
 Vaults: D:13-14

Altars:
Ashenzari
Cheibriados
Dithmenos
Elyvilon
Fedhas
Gozag
Hepliaklqana
Kikubaaqudgha
Makhleb
Nemelex Xobeh
Okawaru
Qazlal
Ru
Sif Muna
Trog
Uskayaw
Vehumet
Wu Jian
Xom
Yredelemnul
Zin
The Shining One

Shops:
D:6 %   D:7 ?   D:10 **   D:11 (


Innate Abilities, Weirdness & Mutations

You are very small and have problems with some larger weapons.
You are too small for most types of armour.
You have supernaturally acute eyesight. (SInv)
You are a herbivore.
You cover ground extremely quickly.
You need consume almost no food.


Message History

Orders for allies: a - Attack new target. r - Retreat! s - Stop attacking. g - Guard the area. f - Follow me.
Anything else - Cancel.
Gang up on whom?
Press: ? - help, Dir - move target cursor, f - yaktaur
Aim: a yaktaur, wielding an arbalest (lightly wounded) Attack!
The yaktaur unwields an uncursed arbalest.
The yaktaur hits your juvenile weirdfire beast but does no damage.
The yaktaur is no longer distracted by gold.
Your juvenile weirdfire beast hits the yaktaur!
The yaktaur shoots a bolt.
The bolt hits your juvenile weirdfire beast!
Your juvenile weirdfire beast dies!
Your juvenile weirdfire beast's corpse disappears in a puff of smoke!
The yaktaur wields an uncursed arbalest.
The yaktaur shoots a bolt.
The bolt hits you!!
You die...
Your body crumbles into a pile of gold.

#.#######....................>
#..........#####.#..#.######..
#.#######..# #..........# #.#
#..# #### #.#cc#.##c #.# ##.#
#.#..#. #.. #.# #(.# ### #.###
### #..# #.#.#####.#######c.##
#........###@(.(§c..#
#.#.#####.#.######### #.#.#
##.## #.#.######.#
#..........# #.....######
#.....# #.....######
#..........#


You could see 2 yaktaurs.

Vanquished Creatures
  Josephine (D:13)
  A hydra (D:11)
  2 two-headed ogres
  A deep elf knight (D:13)
  2 unseen horrors (D:12)
  Pikel (D:6)
  2 ugly things
  4 deep elf magi (D:13)
  A manticore (D:12)
  An elephant (D:10)
  Maurice (D:9)
  Psyche (D:10)
  3 centaur skeletons
  2 gargoyles (D:12)
  2 trolls
  3 slime creatures (D:12)
  A hippogriff (D:8)
  15 yaks
  A vampire (D:13)
  3 wyverns
  6 wraiths
  2 shadows
  2 hungry ghosts
  A basilisk (D:10)
  3 vampire mosquitoes (D:8)
  A soldier ant (D:13)
  An acid dragon (D:13)
  9 orc warriors
  An ice beast (D:13)
  2 black bears
  3 phantoms
  4 sky beasts
  8 ogres
  An eye of draining (D:13)
  8 centaurs
  3 crocodiles
  3 big kobolds
  12 bullfrogs
  A wyvern zombie (D:9)
  A gnoll sergeant (D:13)
  7 jellies
  3 scorpions
  12 wights
  2 electric eels (D:7)
  4 howler monkeys
  7 crimson imps
  2 centaur zombies
  2 bullfrog zombies
  A gnoll shaman (D:7)
  4 hounds
  Crazy Yiuf (D:7)
  7 orc priests
  4 bullfrog skeletons
  2 iguanas
  11 orc wizards
  11 worker ants
  2 killer bee zombies
  A hound skeleton (D:8)
  2 worker ant zombies
  13 gnolls
  10 adders
  5 shadow imps
  4 oozes
  2 adder skeletons (D:5)
  2 worms
  2 dart slugs (D:2)
  9 leopard geckos
  69 orcs
  7 giant cockroaches
  13 goblins
  10 hobgoblins
  20 jackals
  12 quokkas
  A ball python (D:1)
  4 bats
  5 frilled lizards
  A giant cockroach zombie (D:5)
  19 kobolds
  6 rats
419 creatures vanquished.

Vanquished Creatures (collateral kills)
  An orc warrior (D:9)
  A wight (D:12)
  An orc wizard (D:5)
  2 orcs
5 creatures vanquished.

Vanquished Creatures (others)
  A deep elf mage (D:13)
  A vampire mosquito (D:8)
  3 dancing weapons
  2 slaves
  A centaur (D:12)
  A wight (D:6)
  An orc (D:7)
  A kobold (D:13)
11 creatures vanquished.

Grand Total: 435 creatures vanquished

Notes
Turn   | Place    | Note
-------+----------+-------------------------------------------
     0 | D:1      | NullDivider the Spriggan Artificer began the quest for the Orb.
     0 | D:1      | Reached XP level 1. HP: 9/9 MP: 4/4
   142 | D:1      | Reached skill level 1 in Fighting
   155 | D:1      | Reached XP level 2. HP: 11/14 MP: 6/6
   505 | D:1      | Reached XP level 3. HP: 15/18 MP: 7/7
  1467 | D:2      | Reached XP level 4. HP: 15/23 MP: 8/8
  2169 | D:2      | Learned a level 3 spell: Confuse
  2220 | D:3      | Noticed an ogre
  2237 | D:3      | Killed an ogre
  2237 | D:3      | Reached XP level 5. HP: 27/27 MP: 9/9
  3990 | D:4      | Reached XP level 6. HP: 32/32 MP: 10/10
  4068 | D:4      | Reached skill level 5 in Evocations
  4830 | D:4      | Reached skill level 1 in Spellcasting
  4830 | D:4      | Reached skill level 1 in Hexes
  5005 | D:4      | Reached XP level 7. HP: 32/36 MP: 11/11
  5034 | D:4      | Reached skill level 5 in Dodging
  5784 | D:5      | Entered Level 5 of the Dungeon
  5796 | D:5      | Learned a level 2 spell: Ensorcelled Hibernation
  5800 | D:5      | Learned a level 3 spell: Tukima's Dance
  5929 | D:5      | Reached skill level 5 in Stealth
  7171 | D:5      | Reached skill level 5 in Short Blades
  7271 | D:5      | Found a radiant altar of Vehumet.
  7273 | D:5      | Found a sacrificial altar of Ru.
  7278 | D:5      | Found a bloodstained altar of Trog.
  7280 | D:5      | Found a glowing golden altar of the Shining One.
  7280 | D:5      | Found a blossoming altar of Fedhas.
  7283 | D:5      | Found an iron altar of Okawaru.
  7813 | D:5      | Found a shattered altar of Ashenzari.
  7861 | D:5      | Reached XP level 8. HP: 21/42 MP: 3/12
  8696 | D:6      | Found a staircase to the Ecumenical Temple.
  8855 | Temple   | Entered the Ecumenical Temple
  8939 | Temple   | Became a worshipper of Gozag Ym Sagoz the Greedy
  9741 | D:6      | Found Digeirr's Food Boutique.
 10574 | D:7      | Noticed Pikel
 10594 | D:6      | Killed Pikel
 10594 | D:6      | Reached skill level 5 in Fighting
 10594 | D:6      | Reached XP level 9. HP: 47/47 MP: 4/16
 11755 | D:7      | Found Keocoh's Magic Scroll Boutique.
 11761 | D:7      | Bought a scroll of identify for 26 gold pieces
 12560 | D:7      | Found a runed door.
 13008 | D:7      | Noticed Crazy Yiuf
 13032 | D:7      | Killed Crazy Yiuf
 13091 | D:8      | Reached skill level 5 in Spellcasting
 13150 | D:8      | Reached skill level 5 in Hexes
 13706 | D:8      | Noticed a two-headed ogre
 14119 | D:8      | Reached XP level 10. HP: 53/53 MP: 18/18
 16370 | D:9      | Noticed Maurice
 18206 | D:9      | Found a staircase to the Orcish Mines.
 19007 | D:9      | Killed Maurice
 19123 | D:10     | Entered Level 10 of the Dungeon
 19530 | D:10     | Noticed Psyche
 19696 | D:10     | Noticed a two-headed ogre
 19750 | D:9      | Killed a two-headed ogre
 19750 | D:9      | Reached skill level 10 in Stealth
 19948 | D:10     | Found Naofaus's Assorted Antiques.
 19956 | D:10     | Found a staircase to the Lair.
 19956 | D:10     | Noticed an elephant
 20161 | D:10     | Killed Psyche
 20161 | D:10     | Reached XP level 11. HP: 54/60 MP: 13/19
 20174 | D:10     | Reached skill level 10 in Dodging
 20361 | D:10     | Bought an ivory rapier for 234 gold pieces
 20361 | D:10     | Bought a scroll labeled NAWONK ANLAKUU for 26 gold pieces
 20361 | D:10     | Bought a scroll of identify for 52 gold pieces
 20362 | D:10     | Identified the +3 rapier "Gaqud" {flame, rC+ Int-2 SInv} (You bought it in a shop on level 10 of the Dungeon)
 21022 | D:10     | Found Hesh's General Store.
 21030 | D:10     | Bought 2 potions of curing for 84 gold pieces
 21441 | D:11     | Killed a two-headed ogre
 21967 | D:11     | Found Toogontobu's Weapon Shoppe.
 22151 | D:11     | Noticed a seven-headed hydra
 22155 | D:11     | Killed a seven-headed hydra
 23323 | D:12     | Noticed an unseen horror
 23339 | D:12     | Killed an unseen horror
 23903 | D:12     | Reached skill level 1 in Bows
 24014 | D:12     | Noticed a purple ugly thing
 24022 | D:12     | Killed a purple ugly thing
 24022 | D:12     | Reached XP level 12. HP: 66/66 MP: 19/22
 25158 | D:13     | Found the +8 orange crystal plate armour {Archmagi, Int+3 Clar}
 25245 | D:13     | Noticed Josephine
 25263 | D:13     | Killed Josephine
 25930 | D:13     | Reached skill level 10 in Fighting
 26335 | D:13     | Noticed a centaur warrior
 26370 | D:13     | Shot with a bolt by a yaktaur

Skill      XL: |  1  2  3  4  5  6  7  8  9 10 11 12 |
---------------+-------------------------------------+-----
Fighting       | 1 2 3 4 5 6 7 9 10 | 10.0
Stealth        | 2 3 4 5 7 8 10 11 12 | 12.6
Short Blades   | 2 3 4 5 6 8 9 |  9.8
Dodging        | 4 5 7 8 9 11 12 | 12.1
Evocations     | 5 7 8 9 |  9.1
Spellcasting   | 1 2 4 5 6 |  6.5
Hexes          | 1 2 4 5 6 |  6.5
Bows           | 1 4 |  4.1

Action                   |  1- 3 |  4- 6 |  7- 9 | 10-12 || total
-------------------------+-------+-------+-------+-------++-------
Melee: Short sword       |   124 |   289 |       |    55 ||   468
       Dagger            |       |     5 |   897 |  1202 ||  2104
       Rapier            |       |       |       |   550 ||   550
Throw: Stone             |       |    28 |       |    16 ||    44
 Cast: Ensorcelled Hiber |       |       |    23 |    35 ||    58
       Confuse           |       |       |    14 |    38 ||    52
       Tukima's Dance    |       |       |     9 |    10 ||    19
Evoke: Wand              |     4 |    22 |    17 |    41 ||    84
       Box of beasts     |       |       |       |     1 ||     1
  Use: Scroll            |       |       |     8 |     7 ||    15
 Stab: Sleeping          |     7 |     6 |    29 |    39 ||    81
       Distracted        |     1 |     2 |     3 |    17 ||    23
       Paralysed         |       |     1 |       |     4 ||     5
       Confused          |       |     1 |     5 |    17 ||    23
  Eat: Ration            |       |     1 |     8 |    11 ||    20
Armor: Robe              |     6 |    12 |    62 |    91 ||   171
Dodge: Dodged            |   106 |   227 |   556 |  1129 ||  2018
